Map: Acropolis LE

Players

Ziggy

  • Race: Terran Terran
  • Spawn Location: 5:00

Lambo - Winner!

  • Race: Zerg Zerg
  • Spawn Location: 11:00

VOD

Have the link to the VOD?

Description

Time

  • Played on: Sept. 6, 2019, 3:45 p.m.
  • Length: 3:22
Show
View Real Time Build Order
Export as new Build Order

Ziggy Terran 

Build Orders:  

Get SALT Encoding   

  12  0:00  SCV  
  13  0:12  SCV  
  14  0:18  Supply Depot  
  14  0:25  SCV  
  15  0:42  Barracks  
  15  0:52  Barracks  
  15  1:07  Barracks  
  15  1:10  SCV  
  16  1:22  SCV  
  17  1:28  Marine  
  18  1:35  Orbital Command  
  18  1:39  Marine  
  19  1:46  Marine  
  20  1:49  Supply Depot  
  20  1:57  Marine  
  20  2:01  Marine  
  20  2:07  Marine  
  22  2:16  Marine  
  22  2:18  Bunker  
  22  2:20  Marine  
  24  2:25  Refinery  
  24  2:27  Marine  
  25  2:33  Refinery  
  24  2:41  Marine, SCV  
  24  2:42  Marine  
  27  2:50  Marine  
  28  2:59  Marine  
  28  3:02  Supply Depot  
Show
View Real Time Build Order
Export as new Build Order

Lambo Zerg - Winner!

Build Orders: Pool First 

Get SALT Encoding   

  12  0:00  Drone  
  13  0:12  Overlord  
  13  0:16  Drone  
  14  0:30  Drone x2  
  16  0:40  Spawning Pool  
  15  0:44  Drone  
  15  0:48  Drone  
  17  0:56  Drone  
  18  1:11  Hatchery  
  17  1:27  Zergling x4  
  17  1:28  Zergling x2  
  17  1:29  Queen  
  22  1:40  Overlord  
  22  1:59  Zergling x2  
  22  2:02  Zergling x2  
  22  2:05  Queen  
  24  2:11  Roach Warren, Zergling x2  
  24  2:12  Extractor  
  23  2:21  Zergling x2  
  25  2:34  Drone  
  25  2:35  Extractor  
  24  2:41  Drone x3  
  26  2:47  Overlord  
  26  3:00  Roach  
Tags
 
Matchup
TvZ
Opening
Pool First
Spawn Locations
Cross Positions
Add a new tag
Caveats
  • Supply blocks, unpowered buildings, or Contaminate may cause inaccurate times.
  • Supply counts are checked every 10 seconds.